details: 'pandavdl'

« prev index next »

General information

Mini Map

Players

team 1
UndeadAleatorio (green | 115 APM | 1696 actions | 14:48)
Hero icon 4 Dreadlord
Ability icon 2 Sleep
Ability icon 2 Vampiric Aura

» actions
Assign group hotkey31
Basic commands9
Build / train46
Enter build submenu12
Enter hero's abilities submenu4
Right click692
Select / deselect221
Select group hotkey631
Use ability50
1696 total
» units
Acolyte12
Ghoul16
Gargoyle3
31 total
» upgrades
Cannibalize1
1 total
» buildings
Ziggurat5
Crypt2
Altar of Darkness1
Tomb of Relics1
Nerubian Tower3
Halls of the Dead1
Graveyard1
Spirit Tower1
Necropolis1
16 total
» build order
00:08 Ziggurat
00:11 Crypt
00:36 Altar of Darkness
01:01 Ziggurat
01:36 Tomb of Relics
03:00 Nerubian Tower
03:41 Halls of the Dead
04:21 Graveyard
05:09 Ziggurat
06:14 Crypt
09:57 Spirit Tower
10:31 Necropolis
11:28 Ziggurat
12:07 Ziggurat
12:29 Nerubian Tower
13:49 Nerubian Tower
» items
Rod of Necromancy2
Dust of Appearance1
Potion of Healing1
4 total
team 2
Random» NightElfgaybabby420 (purple | 135 APM | 2003 actions | 14:49)
Hero icon 5 Pandaren Brewmaster
Ability icon 2 Drunken Haze
Ability icon 3 Breath of Fire

» actions
Assign group hotkey574
Basic commands85
Build / train56
ESC pressed1
Enter build submenu11
Enter hero's abilities submenu5
Right click653
Select / deselect237
Select group hotkey312
Use ability69
2003 total
» units
Wisp24
Archer13
Forest Troll Shadow Priest1
Forest Troll Berserker1
Huntress3
Glaive Thrower5
47 total
» upgrades
Strength of the Moon1
Moon Armor1
Ultravision1
3 total
» buildings
Moon Well4
Ancient of War3
Altar of Elders1
Hunter's Hall1
Tree of Life1
10 total
» build order
00:19 Moon Well
00:24 Ancient of War
00:49 Altar of Elders
01:46 Moon Well
02:30 Moon Well
02:58 Hunter's Hall
03:36 Ancient of War
05:16 Ancient of War
05:41 Tree of Life
06:45 Moon Well